AoeStats
← pascapas

Arena

507606800Analyzed
4v4 RM · 15d ago on Sep 19, 2026· 39m 3s· 8 players
Game mode
Random Map
Map size
Large (8 player)
Population
200
Speed
Normal
Resources
Standard
Victory
Conquest
Starting age
Dark Age
Ending age
Imperial Age
RankedLock teamsTeams togetherTeam positionsShared explorationLock speedFull tech treeHidden civsTurbo modeCheats
Victory
Defeat
🇧🇷 Celts · Brazil
877
+11
🇮🇹 Khmer · Italy
779
+15
🇧🇷 Vietnamese · Brazil
735
+17
🇧🇷 Franks · Brazil
589
+23
🇨🇭 Poles · Switzerland
801
-18
🇨🇳 Franks · China
752
-16
🇧🇷 Georgians · Brazil
740
-16
🇦🇷 Mongols · Argentina
737
-16
pascapas
12:00 Feudal Age
14:25 Double-Bit Axe
15:19 Horse Collar
19:50 Castle Age
19:40 Bloodlines
20:19 Stone Mining
20:34 Light Cavalry
26:26 Fletching
29:53 Forging
30:16 Scale Barding Armor
31:28 Szlachta Privileges
32:40 Wheelbarrow
31:54 Town Watch
33:17 Bow Saw
36:43 Imperial Age
34:32 Hand Cart
37:07 Cavalier
37:30 Winged Hussar
braian4400
8:35 Loom
11:59 Feudal Age
12:49 Double-Bit Axe
17:40 Castle Age
17:17 Stone Mining
18:40 Wheelbarrow
19:11 Fletching
19:54 Gold Mining
23:26 Husbandry
24:42 Bloodlines
24:56 Horse Collar
25:28 Nomads
29:26 Bodkin Arrow
29:35 Padded Archer Armor
31:03 Heavy Plow
31:23 Scale Barding Armor
31:35 Forging
715113342
0:41 Loom
12:08 Feudal Age
17:53 Castle Age
DoRiOs
11:08 Feudal Age
11:58 Double-Bit Axe
12:50 Wheelbarrow
19:47 Castle Age
17:53 Horse Collar
21:00 Bow Saw
21:10 Hand Cart
21:18 Hand Cart
25:57 Squires
29:28 Light Cavalry
30:20 Bloodlines
30:05 Man-at-Arms
32:00 Forging
31:57 Scale Barding Armor
32:37 Husbandry
40:16 Imperial Age
Evy
0:36 Loom
11:52 Feudal Age
12:40 Horse Collar
12:50 Double-Bit Axe
18:58 Castle Age
19:30 Wheelbarrow
18:41 Town Watch
19:09 Stone Mining
19:32 Gold Mining
20:41 Pikeman
22:14 Heavy Plow
23:47 Scale Mail Armor
23:58 Forging
29:44 Iron Casting
29:25 Chain Mail Armor
31:25 Hand Cart
RodrigoOBOMM
10:41 Feudal Age
9:07 Loom
11:52 Feudal Age
15:09 Double-Bit Axe
18:30 Castle Age
16:17 Loom
23:25 Bow Saw
31:16 Horse Collar
33:46 Forging
34:40 Pikeman
38:12 Wheelbarrow
38:28 Heavy Plow
Ananda
12:36 Feudal Age
14:40 Double-Bit Axe
21:36 Castle Age
19:40 Gold Mining
20:31 Stone Mining
21:10 Scale Barding Armor
25:31 Husbandry
26:53 Chain Barding Armor
26:44 Forging
30:53 Arson
Daniel
11:33 Feudal Age
17:41 Castle Age
17:03 Forging
16:44 Fletching
17:15 Scale Mail Armor
17:36 Horse Collar
34:07 Imperial Age
31:56 Gold Mining
32:20 Heavy Plow
34:10 Ballistics
33:31 Treadmill Crane
33:51 Double-Bit Axe
35:07 Wheelbarrow
34:59 Bow Saw
36:08 Iron Casting
35:49 Chain Mail Armor
35:36 Padded Archer Armor
37:36 Chemistry
Connection lost

Rejoining the realm…

Still unreachable

The connection could not be restored.

Session expired

The server has moved on; the page needs a fresh start.